[Event "Titled Tuesday Blitz April 18 Early 2023"]
[White "Yeletsky, Ivan"]
[Black "Puranik, Abhimanyu"]
[WhiteFideId "24180327"]
[BlackFideId "5061245"]
[WhiteElo "2422"]
[BlackElo "2477"]
[Result "0-1"]
[Round "10"]
[TimeControl "180+2"]
[Date "2023.04.18"]
[WhiteClock "0:00:17"]
[BlackClock "0:01:51"]

1. e4 e6 2. d4 d5 3. Nc3 Bb4 4. e5 c5 5. a3 Bxc3+ 6. bxc3 Ne7 7. h4 Qa5 8. Bd2 Nbc6 9. a4 Bd7 10. h5 h6 11. Nf3 O-O-O 12. Rb1 c4 13. Rb5 Qxa4 14. Rb1 Qa5 15. g3 f6 16. Ra1 Qb6 17. Rb1 Qc7 18. Bf4 Qa5 19. Kd2 Rdf8 20. Ra1 Qd8 21. Be2 fxe5 22. Nxe5 Nxe5 23. Bxe5 Nc6 24. f4 Nxe5 25. dxe5 d4 26. cxd4 Bc6 27. Kc3 Bxh1 28. Qxh1 Qb6 29. Rb1 Qa5+ 30. Kxc4 Rf7 31. Kd3 Rc7 32. Qe1 Qa4 33. Bg4 Qxc2+ 0-1


[Site "https://www.chess.com"]

[Event "Titled Tuesday Blitz April 18 Early 2023"]
[White "Ivanchuk, Vasyl"]
[Black "Fier, Alexandr"]
[WhiteFideId "14100010"]
[BlackFideId "2107139"]
[WhiteElo "2710"]
[BlackElo "2610"]
[Result "1-0"]
[Round "10"]
[TimeControl "180+2"]
[Date "2023.04.18"]
[WhiteClock "0:00:16"]
[BlackClock "0:00:27"]

1. d4 Nf6 2. c4 c5 3. d5 e6 4. Nc3 exd5 5. cxd5 d6 6. e4 g6 7. f4 Bg7 8. Bb5+ Nfd7 9. Bd3 Qh4+ 10. g3 Qd8 11. Nf3 O-O 12. O-O Nf6 13. Kg2 Bg4 14. h3 Bxf3+ 15. Qxf3 Nbd7 16. Bd2 Rc8 17. b3 a6 18. a4 Re8 19. Rab1 h5 20. Rfe1 h4 21. g4 Nh7 22. g5 Qa5 23. Rec1 Qc7 24. Be1 Qa5 25. Nb5 Qb6 26. a5 Qd8 27. Nxd6 Nxg5 28. Qe2 Nh7 29. Nxe8 Qxe8 30. e5 g5 31. Qe4 Ndf8 32. Bd2 Ng6 33. e6 Nf6 34. exf7+ Qxf7 35. Qxg6 Qxd5+ 36. Kh2 Rd8 37. Bc4 Qxc4 38. Rxc4 Rxd2+ 39. Kg1 Nd5 40. Qxg5 1-0


[Site "https://www.chess.com"]

[Event "Titled Tuesday Blitz April 18 Early 2023"]
[White "Deac, Bogdan-Daniel"]
[Black "Bocharov, Dmitry"]
[WhiteFideId "1226380"]
[BlackFideId "4138716"]
[WhiteElo "2649"]
[BlackElo "2469"]
[Result "1-0"]
[Round "10"]
[TimeControl "180+2"]
[Date "2023.04.18"]
[WhiteClock "0:01:49"]
[BlackClock "0:00:05"]

1. d4 Nf6 2. Bf4 d6 3. Nc3 Nbd7 4. Nf3 Nh5 5. Bd2 e5 6. e4 Nhf6 7. Rg1 exd4 8. Nxd4 Nc5 9. Qe2 Be7 10. g4 d5 11. exd5 Nxd5 12. O-O-O Ne6 13. Nf5 Bf6 14. Bg2 c6 15. Nxd5 cxd5 16. Bb4 Qb6 17. c3 d4 18. Nd6+ Kd7 19. Nxf7 Re8 20. Qc4 Nf4 21. g5 1-0


[Site "https://www.chess.com"]

[Event "Titled Tuesday Blitz April 18 Early 2023"]
[White "Lazavik, Denis"]
[Black "Rodshtein, Maxim"]
[WhiteFideId "13515110"]
[BlackFideId "2806851"]
[WhiteElo "2560"]
[BlackElo "2555"]
[Result "1/2-1/2"]
[Round "10"]
[TimeControl "180+2"]
[Date "2023.04.18"]
[WhiteClock "0:00:04"]
[BlackClock "0:00:05"]

1. d4 Nf6 2. c4 e6 3. Nf3 d5 4. g3 Bb4+ 5. Bd2 Bd6 6. Bg2 c6 7. Qc2 O-O 8. Nc3 dxc4 9. e4 Be7 10. h4 c5 11. e5 Nd5 12. Ng5 g6 13. Nxh7 Nb4 14. Qe4 Qxd4 15. Nxf8 Nd3+ 16. Ke2 Qxf2+ 17. Kd1 Bxf8 18. h5 Qxg3 19. Rf1 Nc6 20. hxg6 fxg6 21. Kc2 Nd4+ 22. Kb1 Nxe5 23. Bf4 Qd3+ 24. Qxd3 Nxd3 25. Bg5 Nf5 26. Ne4 Bg7 27. Bf6 Bd7 28. Bxg7 Kxg7 29. Ng5 Rh8 30. Rh1 Rxh1+ 31. Bxh1 b5 32. Kc2 b4 33. b3 Ne5 34. bxc4 Nd4+ 35. Kd2 Nxc4+ 36. Kd3 Nd6 37. Ne4 Bb5+ 38. Kd2 Nxe4+ 39. Bxe4 c4 40. Ke3 Nf5+ 41. Kf4 Kf6 42. Rh1 e5+ 43. Kf3 c3 44. Rh7 Nd4+ 45. Ke3 c2 46. Rc7 Bc6 47. Bxc2 Nxc2+ 48. Kd3 Nd4 49. Rxa7 Bd5 50. Ra5 Bxa2 51. Rxa2 b3 52. Rf2+ Ke6 53. Ke4 g5 54. Rg2 Kf6 55. Rf2+ Ke6 56. Rg2 Kf6 57. Rf2+ Ke6 1/2-1/2


[Site "https://www.chess.com"]

[Event "Titled Tuesday Blitz April 18 Early 2023"]
[White "Andreikin, Dmitry"]
[Black "Rustemov, Alexander"]
[WhiteFideId "4158814"]
[BlackFideId "4119002"]
[WhiteElo "2736"]
[BlackElo "2874"]
[Result "1/2-1/2"]
[Round "10"]
[TimeControl "180+2"]
[Date "2023.04.18"]
[WhiteClock "0:00:07"]
[BlackClock "0:00:11"]

1. c4 c5 2. Nf3 g6 3. d4 cxd4 4. Nxd4 Bg7 5. e4 Nc6 6. Be3 Bxd4 7. Bxd4 Nxd4 8. Qxd4 Nf6 9. e5 Nh5 10. Be2 Ng7 11. Nc3 O-O 12. O-O Nf5 13. Qf4 d6 14. Rfd1 Be6 15. exd6 exd6 16. Ne4 Rc8 17. g4 Qh4 18. Qg5 Qxg5 19. Nxg5 Bxc4 20. gxf5 Bxe2 21. Rxd6 Rc5 22. Ne4 Rxf5 23. Ng3 Re5 24. Re1 Rfe8 25. f4 R5e7 26. f5 Bb5 27. Rxe7 Rxe7 28. f6 Rd7 29. Ne4 Rxd6 30. Nxd6 Bc6 31. h4 h6 32. Kf2 g5 33. h5 a5 34. Kg3 Bd5 35. a3 b6 36. b4 Be6 37. b5 Bd7 38. Kf3 Be6 39. Ke4 Bb3 40. Kd4 g4 41. Nf5 Kh7 42. Ke3 Ba4 43. Nd6 g3 44. Nxf7 Bxb5 45. Ne5 g2 46. Kf2 Kg8 47. Kxg2 Be8 48. Nc4 Bxh5 49. Nxb6 Kf7 50. Nc4 Kxf6 51. Nxa5 Ke5 52. Kg3 Kd6 53. Nc4+ Kc5 54. Ne5 Kb5 55. Ng4 Bxg4 56. Kxg4 Ka4 57. Kh5 Kxa3 58. Kxh6 1/2-1/2


[Site "https://www.chess.com"]

[Event "Titled Tuesday Blitz April 18 Early 2023"]
[White "Movahed, Sina"]
[Black "Sadhwani, Raunak"]
[WhiteFideId "42520835"]
[BlackFideId "35093487"]
[WhiteElo "2225"]
[BlackElo "2631"]
[Result "0-1"]
[Round "10"]
[TimeControl "180+2"]
[Date "2023.04.18"]
[WhiteClock "0:00:01"]
[BlackClock "0:00:08"]

1. e4 g6 2. d4 Bg7 3. Nf3 d6 4. h3 a6 5. c4 Nf6 6. Nc3 O-O 7. Be2 Nbd7 8. e5 Ne8 9. O-O c5 10. exd6 Nxd6 11. d5 Ne5 12. Nxe5 Bxe5 13. Be3 Qc7 14. Qd2 Bd7 15. a4 b6 16. Ra3 Rab8 17. Bf4 Nf5 18. Bxe5 Qxe5 19. Bg4 Qd4 20. Qxd4 cxd4 21. Ne2 Rfc8 22. Rc1 e5 23. dxe6 Bxe6 24. Bxf5 Bxf5 25. Nxd4 Bd7 26. b3 Rd8 27. Nf3 Be6 28. Ra2 Rd3 29. Rb2 f6 30. b4 Ra3 31. Nd4 Bf7 32. c5 Rxa4 33. c6 Rc8 34. c7 Ra3 35. Rc6 Rd3 36. Rd6 Rd1+ 37. Kh2 Rf8 38. Rd8 Rc1 39. Rc2 Rxc2 40. Nxc2 Be6 41. Nd4 Bc8 42. Nc6 Kf7 43. Na7 Be6 44. Rxf8+ Kxf8 45. c8=Q+ Bxc8 46. Nxc8 a5 47. b5 a4 48. Nxb6 a3 49. Nd7+ Ke7 50. Nc5 Kd6 51. b6 a2 52. b7 Kc7 53. Nb3 Kxb7 54. Kg3 Kb6 55. Kf3 Kb5 56. Ke3 Kb4 57. Na1 Kc3 58. Ke2 Kb2 59. Kd2 Kxa1 60. Kc2 f5 61. f4 h6 62. h4 h5 63. Kc1 g5 64. fxg5 f4 65. g6 f3 66. g7 f2 67. g8=Q f1=Q+ 68. Kc2 Qf2+ 69. Kc1 Qb2+ 70. Kd1 Qb1+ 71. Kd2 Qb2+ 72. Kd1 Qc3 73. Qb8 Qd3+ 74. Kc1 Qb1+ 0-1


[Site "https://www.chess.com"]

[Event "Titled Tuesday Blitz April 18 Early 2023"]
[White "Bacallao Alonso, Yusnel"]
[Black "Svane, Rasmus"]
[WhiteFideId "3507416"]
[BlackFideId "4657101"]
[WhiteElo "2561"]
[BlackElo "2597"]
[Result "1/2-1/2"]
[Round "10"]
[TimeControl "180+2"]
[Date "2023.04.18"]
[WhiteClock "0:00:05"]
[BlackClock "0:00:06"]

1. d4 Nf6 2. Nf3 d5 3. c4 e6 4. Nc3 a6 5. cxd5 exd5 6. Bg5 Be6 7. Qb3 Nbd7 8. e3 Bd6 9. Bd3 Qb8 10. Bf4 Bxf4 11. exf4 c5 12. f5 c4 13. Qa3 cxd3 14. fxe6 fxe6 15. O-O Qd8 16. Rfe1 Qe7 17. Qb3 b5 18. Rad1 O-O 19. Rxd3 Qd6 20. Rde3 Rfe8 21. h3 h6 22. Qc2 Rac8 23. Qg6 Nf8 24. Qd3 Re7 25. Ne5 N6d7 26. Ng4 Rf7 27. Rg3 Kh8 28. Qe3 Qf4 29. Qd3 Qd6 30. a3 Rc4 31. Ree3 b4 32. axb4 Qxb4 33. Ref3 Rxf3 34. Qxf3 Qe7 35. Qe3 Qg5 36. f4 Qf5 37. Ne5 Nxe5 38. fxe5 Ng6 39. Rf3 Qg5 40. Qf2 Kh7 41. Kh2 Qh4 42. Rg3 Rxd4 43. Qf7 Qh5 44. Qxe6 Rd2 45. Nxd5 Re2 46. Nf6+ gxf6 47. Qf7+ Kh8 48. Qxf6+ Kh7 49. Qf7+ Kh8 50. Qxg6 Qxg6 51. Rxg6 Rxb2 52. Rxh6+ Kg7 53. Rxa6 Re2 54. e6 Kf6 55. h4 Kf5 56. Kh3 Re3+ 57. g3 Re4 58. Ra5+ Kxe6 59. Rg5 Kf6 60. Rg4 Re3 61. Rf4+ Kg6 62. Kg4 Re5 63. h5+ Kg7 64. Rf5 Re3 65. Kh4 Kh6 66. g4 Re4 67. Rf6+ Kg7 68. Kg5 Rxg4+ 69. Kxg4 Kxf6 70. h6 Kg6 71. h7 Kxh7 1/2-1/2


[Site "https://www.chess.com"]

[Event "Titled Tuesday Blitz April 18 Early 2023"]
[White "Kramnik, Vladimir"]
[Black "Kushko, Dmitriy"]
[WhiteFideId "4101588"]
[BlackFideId "14162261"]
[WhiteElo "2712"]
[BlackElo "2230"]
[Result "1-0"]
[Round "10"]
[TimeControl "180+2"]
[Date "2023.04.18"]
[WhiteClock "0:02:03"]
[BlackClock "0:00:45"]

1. e4 g6 2. d4 Bg7 3. Nf3 d6 4. Be2 Nf6 5. Nc3 O-O 6. O-O a6 7. h3 Nc6 8. Bf4 b5 9. e5 Nd7 10. Qc1 dxe5 11. dxe5 Ndxe5 12. Rd1 Bd7 13. Nxe5 Nxe5 14. Qe3 Nc6 15. Bf3 Qc8 16. Qc5 e5 17. Rxd7 Qxd7 18. Bxc6 Qd6 19. Qxd6 cxd6 20. Bxa8 1-0


[Site "https://www.chess.com"]

[Event "Titled Tuesday Blitz April 18 Early 2023"]
[White "Galchenko, Matvey"]
[Black "Shimanov, Aleksandr"]
[WhiteFideId "24175480"]
[BlackFideId "4198603"]
[WhiteElo "2423"]
[BlackElo "2631"]
[Result "0-1"]
[Round "10"]
[TimeControl "180+2"]
[Date "2023.04.18"]
[WhiteClock "0:00:04"]
[BlackClock "0:00:10"]

1. f4 c5 2. Nf3 Nc6 3. g3 g6 4. Bg2 d5 5. O-O Bg7 6. d3 d4 7. c3 Nh6 8. e4 O-O 9. h3 f5 10. Qe2 Nf7 11. e5 Be6 12. c4 Qd7 13. Nbd2 Rab8 14. b3 a6 15. Ba3 b6 16. Nh2 Rfc8 17. Rac1 Nb4 18. Bxb4 cxb4 19. g4 Nd8 20. Kh1 Nb7 21. Ndf3 Bh6 22. Nh4 Nc5 23. gxf5 Bxf5 24. Nxf5 Qxf5 25. Ng4 Bg7 26. Be4 Qh5 27. f5 Qxh3+ 28. Kg1 h5 29. Nh2 Qg3+ 30. Kh1 Bxe5 31. Rg1 Qxh2+ 32. Qxh2 Bxh2 33. Rxg6+ Kf7 34. Kxh2 Rf8 35. Bd5+ Ke8 36. Rd1 Rxf5 37. Rg8+ Rf8 38. Bc6+ Kf7 39. Rg5 e6 40. Rxh5 Rh8 41. Rxh8 Rxh8+ 42. Kg3 Kf6 43. Bg2 a5 44. Bf1 a4 45. bxa4 Ra8 46. Rb1 Rxa4 47. Kf4 e5+ 48. Kf3 Ke6 49. Rb2 Kd6 50. Kf2 Ne6 51. Kf3 Nc5 52. Kf2 b3 53. axb3 Rb4 54. Ra2 Rxb3 55. Ra8 Nxd3+ 56. Bxd3 Rxd3 57. Rc8 Rc3 58. Ke2 e4 59. Kd2 e3+ 60. Ke2 Rc2+ 61. Kd3 Rd2+ 62. Ke4 e2 0-1


[Site "https://www.chess.com"]

[Event "Titled Tuesday Blitz April 18 Early 2023"]
[White "Csonka, Balazs"]
[Black "Paravyan, David"]
[WhiteFideId "742910"]
[BlackFideId "4194985"]
[WhiteElo "2404"]
[BlackElo "2563"]
[Result "1/2-1/2"]
[Round "10"]
[TimeControl "180+2"]
[Date "2023.04.18"]
[WhiteClock "0:00:03"]
[BlackClock "0:00:08"]

1. d4 Nf6 2. c4 g6 3. Nc3 d5 4. cxd5 Nxd5 5. e4 Nxc3 6. bxc3 Bg7 7. Nf3 c5 8. Bb5+ Nc6 9. O-O O-O 10. Be3 Qa5 11. Qa4 Qxa4 12. Bxa4 cxd4 13. cxd4 Rd8 14. Bxc6 bxc6 15. Rfc1 Rb8 16. Ne5 Bb7 17. f3 f5 18. exf5 gxf5 19. Rab1 Ba8 20. Rxb8 Rxb8 21. Rc2 e6 22. Nxc6 Rb1+ 23. Kf2 Bf6 24. Ne5 Bb7 25. Rc7 Bh4+ 26. g3 Rb2+ 27. Ke1 Bf6 28. Bh6 Rxh2 29. Rxb7 Rxh6 30. Rxa7 Rh1+ 31. Kf2 Rd1 32. Ke3 Re1+ 33. Kf2 Rd1 34. Ra8+ Kg7 35. Ra7+ Kh6 36. Ra6 Rxd4 37. Rxe6 Kg7 38. f4 Rd2+ 39. Kf3 Rxa2 40. Rc6 Ra3+ 41. Kg2 h5 42. Rc7+ Kg8 43. Rc8+ Kh7 44. Rc7+ Kh6 45. Rc6 Kg7 46. Rc7+ Kg8 47. Rc8+ Kh7 48. Rc7+ Bg7 49. Rf7 h4 50. gxh4 Ra2+ 51. Kf3 Ra3+ 52. Kg2 Ra2+ 53. Kf3 Ra3+ 54. Ke2 Ra2+ 55. Kd3 Ra3+ 56. Kc4 Ra4+ 57. Kd5 Rxf4 58. Ke6 Rxh4 59. Rxf5 Kg8 60. Nc6 Re4+ 61. Kd7 Bf8 62. Rd5 Re1 63. Rd4 Bh6 64. Ne7+ Kf7 65. Nd5 Bg5 66. Rd3 Rf1 67. Nc7 Bf6 68. Rd5 Rh1 69. Ne8 Bh4 70. Nd6+ Kg6 71. Rd3 Ra1 72. Rd5 Ra7+ 73. Kc6 Be7 74. Nb7 Kf7 75. Rb5 Ra1 76. Ra5 Rc1+ 77. Nc5 Kf6 78. Rb5 Ke5 79. Kb6 Bd8+ 80. Kb7 Kd6 81. Nb3 Rc7+ 82. Ka6 Rh7 83. Na5 Bc7 84. Nb7+ Kd7 85. Nc5+ Kc6 86. Nb3 Rh4 87. Rc5+ Kd7 88. Kb5 Bd6 89. Rc4 Rh5+ 90. Ka4 Rh1 91. Nc5+ Kc6 92. Ne4+ Kd5 93. Nxd6 Ra1+ 94. Kb3 Rb1+ 95. Kc2 Rb6 96. Kc3 Rxd6 97. Rd4+ Ke6 98. Rxd6+ Kxd6 1/2-1/2


[Site "https://www.chess.com"]

[Event "Titled Tuesday Blitz April 18 Early 2023"]
[White "Caruana, Fabiano"]
[Black "Yuan, Qingyu"]
[WhiteFideId "2020009"]
[BlackFideId "8609772"]
[WhiteElo "2837"]
[BlackElo "2359"]
[Result "1-0"]
[Round "10"]
[TimeControl "180+2"]
[Date "2023.04.18"]
[WhiteClock "0:00:10"]
[BlackClock "0:00:02"]

1. e4 e5 2. Nf3 Nc6 3. Bb5 Nf6 4. d3 Bc5 5. Bxc6 dxc6 6. Nbd2 Be6 7. O-O Bd6 8. Nb3 Qe7 9. Bg5 h6 10. Bh4 g5 11. Bg3 Bg4 12. Re1 O-O-O 13. Nbd2 h5 14. h3 h4 15. Bh2 Bh5 16. d4 g4 17. dxe5 Bxe5 18. Nxe5 g3 19. Nef3 gxh2+ 20. Kh1 Bxf3 21. gxf3 Qe5 22. Qe2 Nh5 23. Nc4 Qe6 24. Ne3 Qxh3 25. Qf1 Qxf3+ 26. Qg2 Qf6 27. Rad1 Rdg8 28. Qh3+ Kb8 29. Nf5 Nf4 30. Qf3 Ne6 31. e5 Qg5 32. Ne3 a6 33. c3 Qxe5 34. Ng4 Qg5 35. Nf6 Rg6 36. Nd7+ Ka8 37. Ne5 Rf6 38. Qe3 Qf5 39. f3 Ng5 40. Rf1 Re6 41. f4 Qe4+ 42. Qxe4 Nxe4 43. Kxh2 Ng3 44. Rf2 f6 45. Ng6 Rh6 46. Nf8 Re8 47. Nd7 f5 48. Ne5 Rd6 49. Re1 Rde6 50. Kh3 Rh6 51. Rd2 Ne4 52. Rg2 Ng3 53. Rd1 Kb8 54. Rd7 Rd6 55. Rf7 Ne4 56. Rfg7 Rh6 57. Rg8 Rxg8 58. Rxg8+ Ka7 59. Rg6 Rxg6 60. Nxg6 Kb6 61. Kxh4 Kc5 62. Ne7 Nd6 63. Kg5 Kc4 64. Nxf5 Ne4+ 65. Kg4 Kd3 66. Kf3 Nd2+ 67. Kg4 Kc2 68. Ng3 Kxb2 69. f5 Nc4 70. Kf4 Nd6 71. Ne4 Nf7 72. Ng5 Nd6 73. f6 Kxc3 74. Ne4+ Kd4 75. Nxd6 cxd6 76. f7 c5 77. f8=Q d5 78. Qf6+ Kc4 79. Ke3 b5 80. Kd2 b4 81. Qf1+ Kd4 82. Qf4# 1-0


[Site "https://www.chess.com"]

[Event "Titled Tuesday Blitz April 18 Early 2023"]
[White "Aradhya, Garg"]
[Black "Durarbayli, Vasif"]
[WhiteFideId "25006746"]
[BlackFideId "13402935"]
[WhiteElo "2263"]
[BlackElo "2551"]
[Result "0-1"]
[Round "10"]
[TimeControl "180+2"]
[Date "2023.04.18"]
[WhiteClock "0:00:42"]
[BlackClock "0:00:07"]

1. d4 Nf6 2. Nf3 e6 3. c3 d5 4. Bf4 c5 5. e3 Nc6 6. Nbd2 Nh5 7. Be5 f6 8. Bg3 Qb6 9. Rb1 cxd4 10. exd4 Bd7 11. Bd3 Be7 12. Ne5 Nxe5 13. Bxe5 g6 14. Bg3 O-O-O 15. O-O Nxg3 16. hxg3 e5 17. b4 Kb8 18. Re1 e4 19. Nb3 h5 20. Nc5 Bc8 21. a4 h4 22. gxh4 Rxh4 23. g3 Rh7 24. Bf1 f5 25. Qd2 g5 26. Bg2 Qh6 27. f4 Bd6 28. Kf2 gxf4 29. Rh1 e3+ 30. Ke2 Qxh1 31. Rxh1 Rxh1 32. Qa2 Bxc5 33. Bxh1 Bd6 34. gxf4 Bxf4 35. Bxd5 Rh8 36. Kf3 Rh2 37. Qe2 Rxe2 38. Kxe2 Bg5 39. Kf3 f4 40. Be4 Bd7 41. a5 Be8 42. Ke2 Bb5+ 43. Kf3 e2 44. Kf2 Bh4+ 0-1


[Site "https://www.chess.com"]

[Event "Titled Tuesday Blitz April 18 Early 2023"]
[White "Srihari L R"]
[Black "Anton Guijarro, David"]
[WhiteFideId "46617116"]
[BlackFideId "2285525"]
[WhiteElo "2334"]
[BlackElo "2618"]
[Result "1-0"]
[Round "10"]
[TimeControl "180+2"]
[Date "2023.04.18"]
[WhiteClock "0:00:19"]
[BlackClock "0:00:19"]

1. Nf3 b6 2. g3 Bb7 3. Bg2 g6 4. O-O Bg7 5. c4 c5 6. Nc3 Nh6 7. d4 cxd4 8. Nxd4 Bxg2 9. Kxg2 Nc6 10. Nxc6 dxc6 11. Qa4 Qc8 12. Bg5 Nf5 13. Rac1 h6 14. Bd2 h5 15. h4 O-O 16. Rfd1 Nxh4+ 17. gxh4 Qg4+ 18. Kf1 Qxh4 19. Qxc6 Rac8 20. Qf3 Rxc4 21. b3 Rg4 22. e3 e5 23. Ke2 e4 24. Qh1 Qe7 25. Rg1 Rxg1 26. Rxg1 Rd8 27. Qxe4 Rxd2+ 28. Kxd2 Bxc3+ 29. Kd3 Qf6 30. f4 Kg7 31. Rc1 Bb2 32. Rc8 Ba3 33. Qd4 Qxd4+ 34. Kxd4 Bc5+ 35. Ke4 a5 36. Kf3 f5 37. e4 fxe4+ 38. Kxe4 Kf6 39. Rc6+ Kf7 40. f5 g5 41. Ke5 h4 42. Rc7+ Kg8 43. Kf6 h3 44. Kg6 h2 45. Rc8+ Bf8 46. f6 1-0


[Site "https://www.chess.com"]

[Event "Titled Tuesday Blitz April 18 Early 2023"]
[White "Grigoriants, Sergey"]
[Black "Amilal Munkhdalai"]
[WhiteFideId "4130804"]
[BlackFideId "4903250"]
[WhiteElo "2502"]
[BlackElo "2293"]
[Result "1-0"]
[Round "10"]
[TimeControl "180+2"]
[Date "2023.04.18"]
[WhiteClock "0:00:10"]
[BlackClock "0:00:02"]

1. d4 Nf6 2. c4 e6 3. Nc3 Bb4 4. e3 c5 5. Ne2 cxd4 6. exd4 d5 7. c5 O-O 8. a3 Ba5 9. b4 Bc7 10. Nb5 e5 11. Nxc7 Qxc7 12. dxe5 Qxe5 13. Qd4 Qe7 14. Qe3 Qd8 15. Bb2 Re8 16. Qg3 d4 17. O-O-O Ne4 18. Qf4 d3 19. Ng3 d2+ 20. Kc2 Bd7 21. Nxe4 Ba4+ 22. Kb1 Bxd1 23. Bc4 Bh5 24. Nd6 Re1+ 25. Ka2 d1=Q 26. Rxe1 Qxe1 27. Nxf7 Qde7 28. Qd4 Qf8 29. Nh6+ Kh8 30. Nf5 Qee8 31. Qxg7+ Qxg7 32. Bxg7# 1-0


[Site "https://www.chess.com"]

[Event "Titled Tuesday Blitz April 18 Early 2023"]
[White "Shuvalova, Polina"]
[Black "Pichot, Alan"]
[WhiteFideId "24171760"]
[BlackFideId "110973"]
[WhiteElo "2281"]
[BlackElo "2573"]
[Result "0-1"]
[Round "10"]
[TimeControl "180+2"]
[Date "2023.04.18"]
[WhiteClock "0:00:02"]
[BlackClock "0:00:05"]

1. e4 c5 2. Nf3 d6 3. Bb5+ Nd7 4. O-O a6 5. Bxd7+ Bxd7 6. d4 cxd4 7. Qxd4 e5 8. Qd3 h6 9. c4 Nf6 10. Nc3 Be7 11. Be3 O-O 12. h3 b5 13. Nd2 Qb8 14. Nd5 Nxd5 15. cxd5 f5 16. f3 Qb7 17. Rac1 Rac8 18. Nb3 Bd8 19. Rxc8 Qxc8 20. Rc1 Qb7 21. Kh2 fxe4 22. fxe4 Be8 23. Bd2 Bg6 24. Rc6 Qe7 25. Qe2 Qh4 26. Rxd6 Rf2 27. Rxd8+ Kh7 28. Qg4 Qxd8 29. Qg3 Qf6 30. Be3 Rxb2 31. Nc5 Rxa2 32. Qg4 Qf1 33. Ne6 Ra1 34. d6 Qh1+ 35. Kg3 Qe1+ 36. Kh2 Qh1+ 37. Kg3 Ra2 38. Bf2 Ra3+ 39. Kh4 Qc1 40. Nf8+ Kg8 41. Nxg6 Qd2 42. Qf5 Qxd6 43. Bg3 Qf6+ 44. Qxf6 gxf6 45. Kg4 h5+ 46. Kh4 Kf7 47. Nh8+ Kg7 0-1


[Site "https://www.chess.com"]

[Event "Titled Tuesday Blitz April 18 Early 2023"]
[White "Ravi, Teja S."]
[Black "Drygalov, Andrey"]
[WhiteFideId "5017220"]
[BlackFideId "24171735"]
[WhiteElo "2433"]
[BlackElo "2466"]
[Result "1-0"]
[Round "10"]
[TimeControl "180+2"]
[Date "2023.04.18"]
[WhiteClock "0:00:17"]
[BlackClock "0:00:03"]

1. d4 Nf6 2. c4 e6 3. Nc3 Bb4 4. Bd2 O-O 5. e3 c5 6. a3 Bxc3 7. Bxc3 Ne4 8. Rc1 b6 9. Nf3 Bb7 10. d5 exd5 11. cxd5 Nxc3 12. Rxc3 d6 13. Be2 Nd7 14. e4 f5 15. exf5 Rxf5 16. O-O Qf6 17. Bb5 Nf8 18. Rd3 Rd8 19. b4 Ng6 20. Bc6 Ba6 21. b5 Bc8 22. Re1 Rf8 23. Rde3 Nf4 24. Re8 Qg6 25. g3 Nh3+ 26. Kg2 h6 27. Rxc8 Rxc8 28. Nh4 Rxf2+ 29. Kxh3 Qg5 30. Bd7 Rcf8 31. Qg4 Qxg4+ 32. Kxg4 g5 33. Nf5 Rxh2 34. Re7 c4 35. Be6+ Kh8 36. Rc7 Rf6 37. Rc8+ Kh7 38. Rc7+ Kh8 39. Rxc4 Rg6 40. Rc8+ Kh7 41. Rc7+ Kh8 42. Ne7 Rf6 43. Bf5 Kg7 44. Rxa7 Rf7 45. Nc6 Rxa7 46. Nxa7 Ra2 47. Nc8 Rxa3 48. Nxb6 Kf6 49. Nd7+ Ke7 50. b6 Rb3 51. Kh5 Rxg3 52. b7 Rb3 53. b8=Q Rxb8 54. Nxb8 Kf6 55. Be6 Ke5 56. Nc6+ Ke4 57. Kxh6 g4 58. Ne7 g3 59. Bh3 Kf3 60. Kg5 Ke4 61. Kf6 Kf3 62. Ke6 g2 63. Bxg2+ Kxg2 64. Kxd6 1-0


[Site "https://www.chess.com"]

[Event "Titled Tuesday Blitz April 18 Early 2023"]
[White "Skvortsov, Andrei"]
[Black "Costachi, Mihnea"]
[WhiteFideId "24108600"]
[BlackFideId "1217518"]
[WhiteElo "2259"]
[BlackElo "2456"]
[Result "1-0"]
[Round "10"]
[TimeControl "180+2"]
[Date "2023.04.18"]
[WhiteClock "0:01:03"]
[BlackClock "0:00:52"]

1. e4 e5 2. d4 exd4 3. Qxd4 Nc6 4. Qd3 Nf6 5. Nc3 Bb4 6. Bd2 d6 7. O-O-O O-O 8. Nge2 Re8 9. Bg5 h6 10. Bxf6 Qxf6 11. Nd5 Qd8 12. Nxb4 Nxb4 13. Qd2 a5 14. Nc3 Be6 15. a3 Nc6 16. Bb5 Qf6 17. f4 Bd7 18. Rde1 Qd8 19. g4 Ne7 20. Bc4 b5 21. Bxb5 Bxb5 22. Nxb5 Qd7 23. a4 Ng6 24. Rhg1 Qc6 25. Qc3 Qxc3 26. bxc3 Nxf4 27. Nxc7 Rac8 28. Nxe8 Rxe8 29. Rgf1 Ne6 30. e5 d5 31. Rd1 Nc7 32. Rfe1 Re6 33. c4 dxc4 34. Rd8+ Kh7 35. Rd7 Na6 36. Rd6 Nc5 37. Rxe6 fxe6 38. Kd2 Nxa4 39. Ra1 Nb6 40. Rxa5 Kg6 41. Ra6 Nd5 42. Rxe6+ Kg5 43. Rd6 Nf4 44. Rd4 Ne6 45. Rxc4 h5 46. gxh5 Kxh5 47. Ke3 Kg5 48. Ke4 Kg4 49. Kd5+ Kf5 50. Kd6 g5 51. Rc3 g4 52. h3 Ng5 53. hxg4+ Kxg4 54. Rc4+ Kf5 55. Ra4 Nf7+ 56. Kd5 Nxe5 57. Re4 Nd7 58. Re7 Nb6+ 59. Kd4 Kf6 60. Re1 Nc8 61. Kc5 Kf7 62. c4 Ne7 63. Kd6 Nf5+ 64. Kd7 Nd4 65. Rf1+ Kg6 66. c5 Kg5 67. c6 Nxc6 68. Kxc6 Kg4 69. Kd5 Kg5 70. Ke4 Kg4 71. Rg1+ Kh3 72. Kf3 Kh2 73. Rg3 Kh1 74. Kf2 Kh2 75. Re3 Kh1 76. Rh3# 1-0


[Site "https://www.chess.com"]

[Event "Titled Tuesday Blitz April 18 Early 2023"]
[White "Bharath Subramaniyam H"]
[Black "Toropov, Pavel"]
[WhiteFideId "46634827"]
[BlackFideId "24129178"]
[WhiteElo "2395"]
[BlackElo "2182"]
[Result "1-0"]
[Round "10"]
[TimeControl "180+2"]
[Date "2023.04.18"]
[WhiteClock "0:01:51"]
[BlackClock "0:00:02"]

1. c4 c6 2. d4 d5 3. cxd5 cxd5 4. Nf3 Nf6 5. Nc3 Nc6 6. Bf4 a6 7. e3 Bf5 8. Be2 Rc8 9. O-O e6 10. Qb3 Bb4 11. Ne5 Qe7 12. Rac1 O-O 13. a3 Ba5 14. Na4 Ne4 15. Nxc6 Rxc6 16. Rxc6 bxc6 17. Rc1 g5 18. Be5 f6 19. Bg3 Bg6 20. Nc5 Nxg3 21. hxg3 h5 22. Nxa6 1-0


[Site "https://www.chess.com"]

[Event "Titled Tuesday Blitz April 18 Early 2023"]
[White "Licznerski, Lukasz"]
[Black "Karthik Rajaa"]
[WhiteFideId "1179250"]
[BlackFideId "25035215"]
[WhiteElo "2450"]
[BlackElo "2215"]
[Result "1-0"]
[Round "10"]
[TimeControl "180+2"]
[Date "2023.04.18"]
[WhiteClock "0:00:04"]
[BlackClock "0:00:03"]

1. e4 c6 2. d4 d5 3. exd5 cxd5 4. Bd3 Nc6 5. c3 Nf6 6. Bf4 Bg4 7. Qb3 Qd7 8. Nd2 e6 9. Ngf3 Bd6 10. Bxd6 Qxd6 11. O-O O-O 12. Rfe1 Ne7 13. Ne5 Bf5 14. Re3 Bxd3 15. Rxd3 b5 16. Re1 Nf5 17. Nf1 a5 18. Ng3 Nxg3 19. Rxg3 b4 20. Qd1 bxc3 21. bxc3 Rfc8 22. Qf3 Qe7 23. h4 Ne4 24. Rxe4 dxe4 25. Qxe4 f6 26. Nd3 Rab8 27. Nf4 Re8 28. Nh5 g6 29. Nf4 Qf7 30. Nd3 Rbd8 31. h5 g5 32. h6 Qg6 33. Qe3 Qxh6 34. f4 g4 35. Rxg4+ Kh8 36. Qe1 Qh5 37. Rh4 Qf5 38. Qe3 Rg8 39. Nf2 Rb8 40. g4 Rb1+ 41. Kh2 Qd5 42. Qd3 Rb7 43. c4 Qd6 44. Kg3 Rd7 45. Rh6 Rgg7 46. Rxf6 Qxd4 47. Qxd4 Rxd4 48. c5 Rc7 49. Rxe6 Rxc5 50. Ne4 Rc2 51. Re7 Rc6 52. g5 Ra4 53. Nf6 Rxf6 54. gxf6 Kg8 55. Kg4 Rxa2 56. Kf5 Rb2 57. Rg7+ Kf8 58. Rxh7 a4 59. Ra7 Rb1 60. Ra8+ Kf7 61. Ra7+ Kf8 62. Rxa4 Kf7 63. Ra7+ Kf8 64. Rc7 Rb2 65. Kg5 Rb1 66. Kg6 Rg1+ 67. Kf5 Rb1 68. Rd7 Ra1 69. Rd5 Re1 70. Re5 Rg1 71. Rd5 Kf7 72. Rd7+ Kf8 73. Rg7 Re1 74. Rg5 Kf7 75. Rh5 Kf8 76. Rh7 Rg1 77. Rh8+ Kf7 78. Rh7+ Kf8 79. Rh5 Re1 80. Kg6 Rg1+ 81. Rg5 Rf1 82. Kf5 Kf7 83. Rg7+ Kf8 84. Rc7 Re1 85. f7 Rf1 86. Kg6 Rg1+ 87. Kf6 1-0


[Site "https://www.chess.com"]

[Event "Titled Tuesday Blitz April 18 Early 2023"]
[White "Perez Gormaz, Matias"]
[Black "Samsonkin, Artiom"]
[WhiteFideId "3406342"]
[BlackFideId "13503111"]
[WhiteElo "2362"]
[BlackElo "2524"]
[Result "1-0"]
[Round "10"]
[TimeControl "180+2"]
[Date "2023.04.18"]
[WhiteClock "0:01:19"]
[BlackClock "0:00:03"]

1. e4 c5 2. Nf3 d6 3. Bc4 Nf6 4. d3 e6 5. c3 d5 6. Bb5+ Bd7 7. Bxd7+ Nbxd7 8. e5 Ng4 9. d4 cxd4 10. cxd4 Bb4+ 11. Nc3 Rc8 12. Bd2 Nh6 13. O-O Nf5 14. Ne2 Bxd2 15. Qxd2 O-O 16. Ng3 Nxg3 17. fxg3 Qb6 18. Kh1 a5 19. Rf2 Qb4 20. Qe3 Nb6 21. h4 Nc4 22. Qe2 a4 23. Raf1 Rc7 24. Ng5 Qe7 25. Qg4 Ne3 26. Qxe6 Nxf1 27. Qxe7 Nxg3+ 28. Kh2 Rxe7 29. Kxg3 f6 30. Nf3 fxe5 31. dxe5 Rc8 32. Rd2 Rd7 33. Rd4 Rc4 34. e6 Rd8 35. e7 Re8 36. Rxd5 Rxe7 37. Rd8+ Kf7 38. Ng5+ Kg6 39. Rd6+ Kf5 40. Rd5+ Re5 41. Rd7 Re3+ 42. Nf3 Rg4+ 43. Kf2 1-0


[Site "https://www.chess.com"]